 Dungeon Crawl Stone Soup version 0.21-a0-110-g8e1637b (webtiles) character file.

102 tilp the Firebug (level 4, -2/33 HPs)
             Began as a Hill Orc Fire Elementalist on July 9, 2017.
             Slain by Grinder (8 damage)
             ... while paralysed by Grinder
             ... on level 2 of the Dungeon.
             The game lasted 00:07:58 (3112 turns).

tilp the Firebug (Hill Orc Fire Elementalist)       Turns: 3112, Time: 00:07:59

Health: -2/33      AC:  3    Str: 10    XL:     4   Next: 77%
Magic:  1/7        EV:  2    Int: 16    God:
Gold:   102        SH:  0    Dex: 11    Spells: 2/8 levels left

rFire    . . .     SeeInvis .   d - +0 dagger
rCold    . . .     Gourm    .   (no shield)
rNeg     . . .     Faith    .   e - +0 leather armour
rPois    .         Spirit   .   (no helmet)
rElec    .         Reflect  .   (no cloak)
rCorr    .         Harm     .   (no gloves)
MR       .....                  (no boots)
Stlth    +.........             (no amulet)
HPRegen  0.11/turn              (no ring)
MPRegen  0.10/turn              (no ring)

@: paralysed
A: no striking features
a: no special abilities


You were on level 2 of the Dungeon.
You were not hungry.

You visited 1 branch of the dungeon, and saw 3 of its levels.

You collected 102 gold pieces.

Inventory:

Hand Weapons
 d - a +0 dagger (weapon)
Missiles
 h - 44 stones (quivered)
Armour
 a - a +0 robe
 e - a +0 leather armour (worn)
Scrolls
 k - 2 scrolls of identify {unknown}
 m - a scroll of fear {unknown}
Potions
 f - a potion of heal wounds {unknown}
 l - a potion of haste {unknown}
 n - a potion of cancellation {unknown}
Books
 b - a book of Flames

   Spells                             Type                      Level
   a - Flame Tongue                   Conjuration/Fire             1
   b - Throw Flame                    Conjuration/Fire             2
   c - Conjure Flame                  Conjuration/Fire             3
   d - Inner Flame                    Hexes/Fire                   3
   e - Sticky Flame                   Conjuration/Fire             4
   f - Fireball                       Conjuration/Fire             5
Comestibles
 c - 3 bread rations
 g - 3 chunks of flesh
 i - 3 fruits
 j - 2 royal jellies


   Skills:
 - Level 1.5 Dodging
 - Level 1.5 Stealth
 - Level 2.5 Spellcasting
 - Level 3.3 Conjurations
 + Level 3.4 Fire Magic


You had 2 spell levels left.
You knew the following spells:

 Your Spells              Type           Power        Failure   Level  Hunger
a - Flame Tongue          Conj/Fire      ##...        7%          1    #......
b - Throw Flame           Conj/Fire      ##....       10%         2    ##.....
c - Conjure Flame         Conj/Fire      ##......     21%         3    ###....


Dungeon Overview and Level Annotations

Branches:
Dungeon (3/15)

Altars:

Annotations:
D:2 Grinder


Message History

Confirm with . or Enter, or press ? or * to list all spells.
You can't see any susceptible monsters within range! (Use Z to cast anyway.) Unknown command.
Casting: Flame Tongue
Confirm with . or Enter, or press ? or * to list all spells.
Aiming: Flame Tongue
Press: ? - help, Shift-Dir - straight line, f/p - Grinder
Aim: Grinder (severely wounded)
The flame tongue misses Grinder.
Grinder gestures at you. Pain shoots through your body!
* * * LOW HITPOINT WARNING * * *
You start resting.
Grinder gestures at you.
You suddenly lose the ability to move!
Grinder gestures at you.
You shrug off the repeated paralysis!
Grinder says, "FISH!"
Grinder hits you!
You die...

#.##.###...#.# ###.####.##..
.......+.....########.#......##..
#.##.###...........5#.#.####.##..
#.#### ####..>#####.#.#..........
#.#########...###5....#....).....
#.....................#.......###
#.#########..##.###.#.#.......# #
#.##.........##5###.#.#.......###
####.(..........@................
#.................##.......#.#
#...........####..##.......#.#
####...........###....#.......#.#
.................'....##......#.#
####...........###....####+####..
#...........# #....# #.......
######+#'#..# #....# ######..
#......# #....# #..


You could see Grinder.

Vanquished Creatures
  A gnoll (D:1)
  An adder (D:1)
  3 oozes (D:1)
  3 worms (D:2)
  3 dart slugs (D:1)
  2 leopard geckos (D:1)
  5 giant cockroaches
  7 goblins
  8 hobgoblins
  8 bats
  6 frilled lizards
  4 kobolds
  7 rats
58 creatures vanquished.

Notes
Turn   | Place    | Note
-------+----------+-------------------------------------------
     0 | D:1      | tilp the Hill Orc Fire Elementalist began the quest for the Orb.
     0 | D:1      | Reached XP level 1. HP: 14/14 MP: 3/3
   357 | D:1      | Reached XP level 2. HP: 16/20 MP: 5/5
   363 | D:1      | Learned a level 2 spell: Throw Flame
   931 | D:1      | Reached XP level 3. HP: 26/26 MP: 6/6
   936 | D:1      | Learned a level 3 spell: Conjure Flame
  1453 | D:1      | Reached XP level 4. HP: 27/33 MP: 2/7
  3083 | D:3      | Noticed Grinder
  3110 | D:2      | Paralysed by Grinder for 4 turns
  3112 | D:2      | Slain by Grinder

Vault maps used:
D:1:      dpeg_arrival_short_road, hangedman_feature_mirror,
          kennysheep_small_spiral, minmay_tromino_mix6
D:2:      first_bread
D:3:      grunt_qazlal_sundering, uniq_grinder, uniq_sigmund

Skill      XL: |  1  2  3  4 |
---------------+-------------+-----
Spellcasting   | 2 |  2.5
Conjurations   | 2 3 |  3.3
Dodging        | |  1.5
Stealth        | |  1.5
Fire Magic     | |  3.4

Action                   |  1- 3 |  4- 6 || total
-------------------------+-------+-------++-------
Melee: Dagger            |   100 |   141 ||   241
Throw: Stone             |       |     2 ||     2
 Cast: Flame Tongue      |    34 |    28 ||    62
 Stab: Sleeping          |     3 |       ||     3
  Eat: Chunk             |     2 |     6 ||     8
Armor: Robe              |    17 |       ||    17
       Leather armour    |    23 |    28 ||    51
Dodge: Dodged            |    75 |    77 ||   152
